 Dungeon Crawl Stone Soup version 0.27-a0-1196-g3e9cee4cb2 (webtiles) character file.

Game seed: 5388005587209206687

315612 bilbop the Peltast (level 20, -2/189 HPs)
             Began as a Minotaur Fighter on May 23, 2021.
             Was the Champion of Yredelemnul.
             Slain by a tentacled monstrosity (6 damage)
             ... on level 2 of the Depths on May 27, 2021.
             The game lasted 07:32:51 (58786 turns).

bilbop the Peltast (Minotaur Fighter)              Turns: 58786, Time: 07:32:51

Health: -2/189     AC: 32    Str: 32    XL:     20   Next: 51%
Magic:  28/28      EV: 14    Int: 12    God:    Yredelemnul [******]
Gold:   1823       SH: 18    Dex: 28    Spells: 36/36 levels left

rFire    + . .     SeeInvis +   a - +8 mace of Watchfulness {vorpal, Int+2 Dex+5}
rCold    + + .     Faith    .   V - +0 kite shield {reflect}
rNeg     + + +     Spirit   .   N - +10 plate armour of Bukhlobad {rC+ rN+}
rPois    +         Reflect  +   (helmet restricted)
rElec    .         Harm     .   O - +2 cloak {Stlth+}
rCorr    .         Rampage  .   B - +0 pair of gloves of the Blind Marksman {+Inv Str+3 Dex+2}
Will     +....     Rnd*Rage +   y - +2 pair of boots
Stlth    ..........             x - amulet of the Lonely Lies {RegenMP rF+ rN+ Regen+ Int+3}
HPRegen  0.00/turn              q - ring of Ywniyj {rPois Str+6 Dex+6 Stlth+}
MPRegen  0.46/turn              Q - ring of the Voivode {rPois rC+ rN+ Str+2 SInv}

@: on berserk cooldown, slowed, constricted, very slow
A: horns 2, retaliatory headbutt, berserk 1, clumsy 1, deformed body, low mp 1,
inhibited regeneration, subdued magic 1
}: 2/15 runes: barnacled, gossamer
a: Renounce Religion, Evoke Invisibility, Recall Undead Slaves, Injury Mirror,
Animate Dead, Drain Life, Enslave Soul


You were on level 2 of the Depths.
You worshipped Yredelemnul.
Yredelemnul was exalted by your worship.
You visited 8 branches of the dungeon, and saw 40 of its levels.
You also visited: Sewer.

You collected 6056 gold pieces.
You spent 4233 gold pieces at shops.

Inventory:

Hand Weapons
 a - the +8 mace of Watchfulness (weapon) {vorpal, Int+2 Dex+5}
   (You found it on level 3 of the Spider Nest)

   It inflicts extra damage upon your enemies.
   It affects your intelligence (+2).
   It affects your dexterity (+5).
 b - a +5 hand crossbow of freezing
 K - a +5 demon whip
 R - a +1 vorpal eveningstar
Missiles
 t - 951 bolts
Armour
 s - a scarf of resistance
 y - a +2 pair of boots (worn)
 z - the +4 buckler of Dapt {rElec rN+ Dex-5 Slay+2}
   (You found it on level 4 of the Dungeon)

   It affects your dexterity (-5).
   It affects your accuracy and damage with ranged weapons and melee attacks
   (+2).
   It insulates you from electricity.
   It protects you from negative energy.
 B - the +0 pair of gloves of the Blind Marksman (worn) {+Inv Str+3 Dex+2}
   (You found it on level 3 of the Spider Nest)

   It affects your strength (+3).
   It affects your dexterity (+2).
   It lets you turn invisible.
 D - a +2 pair of gloves
 N - the +10 plate armour of Bukhlobad (worn) {rC+ rN+}
   (You found it on level 4 of the Vaults)

   It protects you from cold.
   It protects you from negative energy.
 O - a +2 cloak of stealth (worn)
 V - a +0 kite shield of reflection (worn)
Jewellery
 c - a ring of willpower
 e - a ring of flight
 f - an amulet of reflection
 q - the ring of Ywniyj (left hand) {rPois Str+6 Dex+6 Stlth+}
   (You bought it in a shop on level 2 of the Orcish Mines)

   [ring of dexterity]

   It affects your strength (+6).
   It affects your dexterity (+6).
   It protects you from poison.
   It makes you more stealthy.
 x - the amulet of the Lonely Lies (around neck) {RegenMP rF+ rN+ Regen+ Int+3}
   (You acquired it on level 14 of the Dungeon)

   [amulet of magic regeneration]

   It increases your rate of magic regeneration.
   It affects your intelligence (+3).
   It protects you from fire.
   It protects you from negative energy.
   It increases your rate of health regeneration.
 A - a ring of positive energy
 E - a ring of protection from fire
 Q - the ring of the Voivode (right hand) {rPois rC+ rN+ Str+2 SInv}
   (You acquired it on level 2 of the Orcish Mines)

   [ring of see invisible]

   It affects your strength (+2).
   It protects you from cold.
   It protects you from poison.
   It protects you from negative energy.
   It lets you see invisible.
 X - a +6 ring of intelligence
 Z - the ring of Oduex {rN++ Will- rCorr AC+4 Str+3}
   (You found it on level 9 of the Dungeon)

   [ring of protection]

   It affects your AC (+4).
   It affects your strength (+3).
   It greatly protects you from negative energy.
   It protects you from acid and corrosion.
   It decreases your willpower.
Wands
 n - a wand of paralysis (49)
 G - a wand of acid (16)
 H - a wand of mindburst (42)
 L - a wand of iceblast (32)
 P - a wand of digging (24)
 U - a wand of flame (170)
 W - a wand of polymorph (36)
 Y - a wand of charming (10)
Scrolls
 j - 5 scrolls of fog
 m - 3 scrolls of fear
 p - a scroll of identify
 r - 4 scrolls of summoning
 u - 7 scrolls of magic mapping
 v - 14 scrolls of teleportation
 F - a scroll of enchant armour
 T - 9 scrolls of enchant weapon
Potions
 d - 3 potions of might
 g - 5 potions of heal wounds
 i - 4 potions of magic
 k - 9 potions of curing
 l - 9 potions of berserk rage
 o - 3 potions of cancellation
 w - 8 potions of haste
 C - 6 potions of ambrosia
 I - 6 potions of brilliance
 M - 5 potions of flight
 S - 6 potions of resistance
Miscellaneous
 J - a condenser vane


   Skills:
 + Level 18.3 Fighting
 - Level 17.7 Maces & Flails
 + Level 3.8 Crossbows
 + Level 18.4 Armour
 + Level 10.3 Dodging
 - Level 19.0 Shields
 * Level 8.7 Spellcasting
 + Level 16.7 Invocations


You had 36 spell levels left.
You didn't know any spells.
Your spell library contained the following spells:

 Spells                   Type           Power      Damage    Failure   Level
 Animate Skeleton         Necr           8%         N/A       45%         1
 Corona                   Hex            4%         N/A       45%         1
 Foxfire                  Conj/Fire      16%        2x1d4     45%         1
 Freeze                   Ice            16%        1d4       45%         1
 Pain                     Necr           16%        1d4       45%         1
 Sandblast                Erth           8%         2d5       45%         1
 Summon Small Mammal      Summ           16%        N/A       45%         1
 Corpse Rot               Necr/Air       N/A        N/A       58%         2
 Ensorcelled Hibernation  Hex/Ice        8%         N/A       58%         2
 Passwall                 Tmut/Erth      3%         N/A       58%         2
 Poisonous Vapours        Pois/Air       8%         N/A       58%         2
 Slow                     Hex            4%         N/A       58%         2
 Sublimation of Blood     Necr           2%         N/A       58%         2
 Confusing Touch          Hex            4%         N/A       83%         3
 Conjure Flame            Conj/Fire      4%         6-21      83%         3
 Dazzling Flash           Conj/Hex       8%         N/A       83%         3
 Frozen Ramparts          Ice            8%         1d2       83%         3
 Gell's Gravitas          Tloc           2%         N/A       83%         3
 Inner Flame              Hex/Fire       4%         N/A       83%         3
 Mephitic Cloud           Conj/Pois/Air  4%         N/A       83%         3
 Ozocubu's Armour         Ice            4%         N/A       83%         3
 Portal Projectile        Hex/Tloc       8%         N/A       83%         3
 Stone Arrow              Conj/Erth      8%         3d7       83%         3
 Summon Guardian Golem    Hex/Summ       4%         N/A       83%         3
 Tukima's Dance           Hex            4%         N/A       83%         3
 Vampiric Draining        Necr           2%         2d6       83%         3
 Animate Armour           Summ/Erth      8%         N/A       99%         4
 Animate Dead             Necr           2%         N/A       99%         4
 Cause Fear               Hex            2%         N/A       99%         4
 Dispel Undead            Necr           4%         3d7       99%         4
 Fulminant Prism          Conj/Hex       2%         3d6       99%         4
 Hailstorm                Conj/Ice       4%         3d4       99%         4
 Ice Form                 Ice/Tmut       4%         N/A       99%         4
 Leda's Liquefaction      Hex/Erth       2%         N/A       99%         4
 Passage of Golubria      Tloc           N/A        N/A       99%         4
 Petrify                  Tmut/Erth      4%         N/A       99%         4
 Sticky Flame             Conj/Fire      4%         2d3       99%         4
 Summon Ice Beast         Ice/Summ       4%         N/A       99%         4
 Agony                    Necr           4%         N/A       100%        5
 Excruciating Wounds      Necr           2%         N/A       100%        5
 Fireball                 Conj/Fire      2%         3d4       100%        5
 Hydra Form               Tmut           2%         N/A       100%        5
 Irradiate                Conj/Tmut      2%         3d14      100%        5
 Lee's Rapid Deconstruct  Erth           2%         3d5*      100%        5
 Manifold Assault         Tloc           4%         N/A       100%        5
 Metabolic Englaciation   Hex/Ice        2%         N/A       100%        5
 Silence                  Hex/Air        2%         N/A       100%        5
 Summon Forest            Summ/Tloc      2%         N/A       100%        5
 Summon Mana Viper        Hex/Summ       4%         N/A       100%        5
 Yara's Violent Unravell  Hex/Tmut       2%         3d3       100%        5
 Blade Hands              Tmut           2%         N/A       100%        6
 Dispersal                Tloc           2%         N/A       100%        6
 Eringya's Noxious Bog    Tmut/Pois      2%         N/A       100%        6
 Freezing Cloud           Conj/Ice/Air   2%         6-21      100%        6
 Iron Shot                Conj/Erth      2%         9d2       100%        6
 Simulacrum               Ice/Necr       2%         N/A       100%        6
 Statue Form              Tmut/Erth      2%         N/A       100%        6
 Dragon Form              Tmut           2%         N/A       100%        7
 Ozocubu's Refrigeration  Ice            2%         4d5       100%        7
 Summon Hydra             Summ           2%         N/A       100%        7
 Discord                  Hex            2%         N/A       100%        8
 Disjunction              Tloc           2%         N/A       100%        8


Dungeon Overview and Level Annotations

Branches:
Dungeon (15/15)            Temple (0/1) D:7            Lair (6/6) D:9
 Shoals (4/4) Lair:3       Spider (4/4) Lair:4        Slime (0/5) Lair:5
    Orc (2/2) D:11            Elf (3/3) Orc:2        Vaults (4/5) D:13
  Crypt (0/3) Vaults:2     Depths (2/5) D:15          Sewer (visited)

Altars:
Dithmenos
Gozag
Ru
Sif Muna
Trog
Vehumet
Yredelemnul
Jiyva

Shops:
D:4 :?*   D:12 [   D:13 *=   Orc:2 (*(!=*   Shoals:4 (::   Vaults:1 [
Vaults:3 !   Depths:1 *   Depths:2 =[*[

Portals:
Hell: Depths:1 Depths:2
Abyss: Depths:1
Trove: D:15 (give 17 potions of curing)

Annotations:
D:7 5 runed translucent doors
D:13 3 runed translucent doors, Wipuing's ghost, journeyman MiBe
Elf:2 3 runed translucent doors
Vaults:4 2 transporters


Innate Abilities, Weirdness & Mutations

You have a pair of horns on your head.
You reflexively headbutt those who attack you in melee.
You tend to lose your temper in combat.
You are clumsy. (Dex -2)
Armour fits poorly on your strangely shaped body.
Your magical capacity is low. (-10% MP)
You do not regenerate when monsters are visible.
Your spells are a little easier to cast, but a little less powerful.


Message History

Your quicksilver dragon zombie claws the spark wasp but does no damage.
The sphinx casts a spell.
Something smites you!
* * * LOW HITPOINT WARNING * * *
Your very ugly thing zombie hits the spark wasp!
The spark wasp stings you.
* * * LOW HITPOINT WARNING * * *
The spark wasp shocks you!
* * * LOW HITPOINT WARNING * * *
Your death drake zombie misses the spark wasp.
The tentacled monstrosity tentacle-slaps you!
* * * LOW HITPOINT WARNING * * *
You block the tentacled monstrosity's attack.
The tentacled monstrosity tentacle-slaps you but does no damage.
* * * LOW HITPOINT WARNING * * *
The tentacled monstrosity constricts you.
Your quicksilver dragon zombie bites the spark wasp but does no damage.
Your quicksilver dragon zombie claws the spark wasp but does no damage.
The sphinx hits you.
* * * LOW HITPOINT WARNING * * *
You block the sphinx's attack. The sphinx completely misses you.
Blink to where?
Press: ? - help, Dir - move target The tentacled monstrosity's grasp on you weakens, but your attempt to escape fails.
As you read the scroll of blinking, it crumbles to dust.
The spark wasp stings your quicksilver dragon zombie!
The spark wasp shocks your quicksilver dragon zombie!
Your quicksilver dragon zombie bites the spark wasp but does no damage.
Your quicksilver dragon zombie claws the spark wasp!
Your death drake zombie closely misses the spark wasp.
Your very ugly thing zombie closely misses the spark wasp.
The spark wasp stings your quicksilver dragon zombie!!
Your quicksilver dragon zombie is destroyed!
You block the sphinx's attack. x2; The sphinx hits you but does no damage.
The tentacled monstrosity tentacle-slaps you but does no damage.
The tentacled monstrosity tentacle-slaps you.
* * * LOW HITPOINT WARNING * * *
The tentacled monstrosity tentacle-slaps you but does no damage.
You die...
Your body rises from the dead as a mindless zombie.

#....≈≈≈.# #..
#....≈≈###+#(.
#....≈≈#...#'##########
#....≈≈#.CT#.(.........
#....≈≈#####(≈≈≈≈≈≈≈≈≈≈
#....≈≈≈≈≈≈≈≈≈≈≈≈≈≈≈≈≈≈
#....≈≈≈≈≈≈≈≈≈≈Z≈≈≈≈≈≈≈
#.......Z.[...ZyX......
#..............@HH.....
#######################


You could see a tentacled monstrosity (ally target), 2 sphinxes, a spark wasp
(unaware, ally target), a friendly death drake zombie, a friendly very ugly
thing zombie and a friendly iron troll zombie.

Vanquished Creatures
  2 quicksilver dragons (Depths:2)
  3 sphinxes
  A storm dragon (Depths:2)
  Donald (Spider:4)
  A fire giant (Depths:2)
  2 ghost moths
  A deep elf sorcerer (Elf:3)
  4 vault wardens
  An orc warlord (Vaults:1)
  A juggernaut zombie (D:15)
  5 very ugly things
  6 ironbound preservers
  2 stone giants
  A deep elf demonologist (Elf:3)
  A dire elephant (Vaults:4)
  5 deep elf annihilators (Elf:3)
  Azrael (Spider:2)
  4 spark wasps
  An ettin (Depths:2)
  Snorg (D:14)
  A deep elf death mage (Elf:3)
  5 fire dragons
  A great orb of eyes (Vaults:1)
  5 yaktaur captains
  Harold (D:8)
  2 ironbound thunderhulks
  6 boulder beetles
  3 vault guards
  7 hydras
  An ice dragon (Depths:2)
  2 ogre magi (Orc:2)
  3 ironbound frosthearts
  A merfolk aquamancer (Shoals:2)
  5 centaur warriors
  2 merfolk avatars (Shoals:4)
  2 catoblepae
  A death knight (D:15)
  9 two-headed ogres
  4 dancing weapons (Elf:2)
  2 deep troll earth magi (Depths:1)
  Urug (D:10)
  3 deep troll shamans
  An ironbound beastmaster (Vaults:4)
  3 spriggan berserkers
  12 hell knights (Depths:1)
  2 iron trolls
  15 deep trolls
  6 deep elf knights
  A golden dragon zombie (D:15)
  A skeletal warrior (D:15)
  A fire crab (shapeshifter) (D:14)
  A spriggan druid (Elf:3)
  5 ironbound convokers
  A death drake (Depths:2)
  7 sea snakes
  3 wolf spider zombies (Spider:1)
  A golden dragon skeleton (D:15)
  A spectral wolf spider (Spider:1)
  2 wizards
  A harpy (shapeshifter) (D:15)
  11 deep elf pyromancers
  Pikel (D:5)
  A phantasmal warrior (D:15)
  4 deep elf archers (Elf:2)
  3 orb spiders
  A necromancer (D:15)
  2 orc knights
  4 deep elf zephyrmancers
  8 harpies
  27 ugly things
  3 fauns (Shoals:1)
  6 cyclopes
  13 manticores
  19 wolf spiders
  A stone giant zombie (D:15)
  4 merfolk sirens
  3 elephants (Lair:6)
  5 black mambas
  2 black mambas (shapeshifter)
  2 vault sentinels
  2 water nymphs (Shoals:1)
  2 gargoyles
  7 cane toads
  2 unseen horrors
  11 komodo dragons
  2 efreet
  4 freezing wraiths (D:15)
  4 yaktaurs
  3 rime drakes
  11 demonic crawlers
  A guardian mummy (D:15)
  2 tengu conjurers (D:15)
  13 merfolk
  13 trolls
  A wind drake (Shoals:2)
  5 polar bears
  19 jumping spiders
  4 wolf spider simulacra (Spider:1)
  4 snapping turtles
  9 hornets
  3 slime creatures
  A queen bee (shapeshifter) (Elf:3)
  8 blink frogs
  4 dream sheep
  25 redbacks
  8 water elementals
  A centaur simulacrum (D:14)
  10 spriggans (Lair:6)
  2 air elementals (Elf:1)
  2 wraiths
  3 shadows
  14 tarantellas
  4 wyverns
  3 fire elementals
  A human (shapeshifter) (D:15)
  46 yaks
  5 basilisks
  A hog (shapeshifter) (D:14)
  10 vampire mosquitoes
  A warg (Orc:1)
  3 acid dragons
  2 hell hounds (Spider:2)
  25 water moccasins
  2 ice beasts
  A sky beast (D:6)
  15 black bears
  11 orc warriors
  44 wolves
  A necrophage (D:7)
  2 boggarts (Lair:6)
  10 centaurs
  16 ogres
  2 kobold brigands
  A phantom (D:5)
  4 gnoll sergeants
  11 bullfrogs
  An earth elemental (Elf:2)
  3 wyvern zombies
  A water moccasin zombie (D:5)
  8 electric eels
  3 howler monkeys
  5 centaur zombies
  2 gnoll shamans (D:9)
  4 hounds
  3 orc priests
  2 iguanas
  10 orc wizards
  A killer bee zombie (D:9)
  3 howler monkey zombies
  3 gnolls (D:8)
  25 adders
  An ufetubus (D:4)
  An adder skeleton (D:4)
  A worm (D:4)
  A dart slug (D:4)
  28 orcs
  12 bats
  5 endoplasms
  8 giant cockroaches
  11 goblins
  9 hobgoblins
  4 jackals (D:4)
  6 quokkas
  4 ball pythons
  4 frilled lizards
  9 kobolds
  4 rats
898 creatures vanquished.

Vanquished Creatures (collateral kills)
  A deep elf blademaster (Elf:3)
  2 deep elf master archers (Elf:3)
  3 sphinxes
  The ghost of Huaklezo the Severer, an adept HOFi of Ru (Spider:3)
  A frost giant (Vaults:2)
  A ghost moth (Spider:4)
  8 deep elf sorcerers (Elf:3)
  An orc warlord (Vaults:1)
  A vault warden (Vaults:1)
  7 emperor scorpions
  A deep elf elementalist (Elf:3)
  Aizul (Vaults:1)
  4 very ugly things
  11 ironbound preservers
  3 stone giants
  3 deep elf demonologists (Elf:3)
  2 entropy weavers
  11 deep elf annihilators
  4 dire elephants
  A deep elf death mage (Elf:3)
  2 spark wasps
  3 merfolk javelineers
  An ettin (Depths:1)
  5 merfolk impalers
  A jiangshi (Vaults:2)
  7 yaktaur captains
  3 ironbound thunderhulks
  2 great orbs of eyes
  4 boulder beetles
  3 vault guards
  5 hydras
  9 deep elf high priests (Elf:3)
  A rakshasa (Depths:1)
  2 centaur warriors (D:13)
  An alligator snapping turtle (Shoals:2)
  A merfolk avatar (Shoals:4)
  2 merfolk aquamancers
  6 ironbound frosthearts
  3 satyrs
  2 deep troll earth magi
  A tengu warrior (D:13)
  4 two-headed ogres
  5 dancing weapons
  A deep troll shaman (Depths:1)
  2 vampire magi
  A spriggan berserker (Elf:1)
  4 ironbound beastmasters
  7 deep elf knights
  A hell knight (Depths:1)
  A skeletal warrior (Vaults:2)
  An iron troll (Depths:1)
  A flayed ghost (Vaults:4)
  A death drake (Depths:2)
  7 sea snakes
  27 deep trolls
  4 wizards
  A glowing orange brain (Vaults:2)
  2 necromancers
  7 deep elf archers
  A lindwurm (Lair:6)
  10 ironbound convokers
  2 wolf spider zombies (Spider:1)
  5 harpies
  14 deep elf zephyrmancers
  20 ugly things
  26 deep elf pyromancers
  An orc knight (D:14)
  9 wolf spiders
  5 oklob plants
  14 orb spiders
  12 manticores
  3 cyclopes
  8 fauns
  An elephant (Lair:6)
  A moth of wrath (Spider:4)
  5 merfolk sirens
  8 vault sentinels
  5 water nymphs
  A black mamba (shapeshifter) (D:13)
  A torpor snail (Spider:2)
  A cane toad (Lair:6)
  3 komodo dragons (Lair:6)
  6 demonic crawlers
  23 yaktaurs
  3 polar bears (Lair:6)
  19 jumping spiders
  20 merfolk
  A troll (Orc:2)
  A wolf spider simulacrum (Spider:1)
  7 hornets
  5 wind drakes
  2 slime creatures
  5 snapping turtles
  4 blink frogs
  7 dream sheep
  6 water elementals
  17 redbacks
  4 spriggans (Lair:6)
  An air elemental (Elf:2)
  7 yaks
  A wyvern (Lair:4)
  A spriggan (shapeshifter) (Elf:1)
  8 tarantellas
  3 basilisks
  5 fire elementals
  6 water moccasins
  2 orc warriors
  2 black bears (Lair:6)
  4 ogres
  6 boggarts
  18 wolves
  A centaur (Shoals:2)
  2 bullfrogs
  5 electric eels
  3 adders (Lair:1)
  A butterfly (Lair:3)
570 creatures vanquished.

Vanquished Creatures (others)
  3 profane servitors (Elf:3)
  3 ghouls
  5 vampire knights
  A deep elf high priest (Elf:3)
  2 deep elf knights (Elf:2)
  11 skeletal warriors
  A wizard (Vaults:3)
  2 phantasmal warriors
  3 flayed ghosts
  A cyclops (Shoals:4)
  5 flying skulls
  3 wraiths
  8 vampires
  A quicksilver dragon zombie (Depths:2)
  2 boggarts (Vaults:1)
  2 spark wasp zombies
  A fire giant zombie (Depths:2)
  A ghost moth zombie (Spider:4)
  4 wights
  14 wolf spider zombies
  5 demonic crawler zombies (Spider:4)
  A stone giant skeleton (Depths:1)
  3 sea snake zombies
  3 harpy skeletons (Shoals:4)
  3 hydra zombies
  An ice dragon zombie (Depths:2)
  2 emperor scorpion zombies
  4 human zombies
  A ghoul skeleton (Depths:1)
  16 jumping spider zombies
  An elf skeleton (Elf:3)
  18 redback zombies
  11 tarantella zombies
  A mummy (Lair:4)
  2 cane toad zombies
  4 boulder beetle zombies
  8 deep troll zombies
  A faun zombie (Shoals:3)
  5 manticore zombies
  5 ugly thing zombies
  2 yaktaur skeletons (Vaults:1)
  2 cyclops zombies
  2 snapping turtle zombies
  14 wolf zombies
  3 black mamba zombies
  A hell hound zombie (Spider:2)
  A wyvern zombie (Lair:6)
  6 hornet zombies
  3 wolf skeletons (Lair:4)
  A blink frog skeleton (Lair:4)
  4 blink frog zombies (Lair:6)
  A bullfrog zombie (Lair:5)
  4 centaur zombies
  7 dream sheep zombies
  2 elephant zombies (Lair:6)
  21 elf zombies
  3 komodo dragon zombies
  A lindwurm zombie (Lair:6)
  10 merfolk zombies
  6 spriggan zombies
  A tengu zombie (D:15)
  5 troll zombies
  6 two-headed ogre zombies
  5 water moccasin zombies
  4 water nymph zombies
  3 yaktaur zombies
  8 orb spider zombies
  5 polar bear zombies (Lair:6)
  A warg skeleton (Orc:1)
  2 orcs (D:4)
  An acid dragon zombie (D:12)
  A black bear zombie (Lair:6)
  3 orc zombies (D:11)
  5 adder zombies (Lair:1)
  A basilisk zombie (Lair:6)
  5 ogre zombies (Orc:2)
  A vampire mosquito zombie (D:13)
  4 yak zombies
  3 bushes (D:9)
  82 fungi
  351 plants
  3 toadstools (D:6)
  5 withered plants (D:15)
767 creatures vanquished.

Grand Total: 2235 creatures vanquished

Notes
Turn   | Place    | Note
-------+----------+-------------------------------------------
     0 | D:1      | bilbop the Minotaur Fighter began the quest for the Orb.
     0 | D:1      | Reached XP level 1. HP: 19/19 MP: 0/0
   330 | D:1      | Reached XP level 2. HP: 27/27 MP: 1/1
   607 | D:1      | Reached skill level 4 in Shields
   806 | D:2      | Reached XP level 3. HP: 33/33 MP: 2/2
  1380 | D:2      | Reached XP level 4. HP: 41/41 MP: 3/3
  1909 | D:3      | Found a faded altar of an unknown god.
  2380 | D:3      | Reached XP level 5. HP: 47/47 MP: 4/4
  2782 | D:4      | Found Koamp's Book Emporium.
  2835 | D:4      | Noticed an ogre
  2842 | D:4      | Killed an ogre
  2843 | D:4      | Reached skill level 5 in Fighting
  2843 | D:4      | Reached skill level 5 in Armour
  2843 | D:4      | Reached skill level 5 in Shields
  3151 | D:4      | Reached XP level 6. HP: 56/56 MP: 5/5
  3205 | D:4      | Identified the +4 buckler of Dapt {rElec rN+ Dex-5 Slay+2}
  3398 | D:4      | Found Feoj's Magic Scroll Shoppe.
  3401 | D:4      | Bought a scroll of identify for 20 gold pieces
  3425 | D:4      | Found Humepn's General Store.
  3429 | D:4      | Bought a potion of curing for 33 gold pieces
  3614 | D:4      | Found a radiant altar of Vehumet.
  3886 | D:5      | Entered Level 5 of the Dungeon
  4206 | D:5      | Noticed Pikel
  4215 | D:5      | Killed Pikel
  4216 | D:5      | Reached skill level 5 in Maces & Flails
  4216 | D:5      | Reached skill level 6 in Shields
  4216 | D:5      | Reached XP level 7. HP: 64/64 MP: 6/6
  4471 | D:5      | Found a glowing drain.
  4491 | D:5      | Reached XP level 8. HP: 71/71 MP: 7/7
  4493 | Sewer    | Entered a sewer
  5125 | D:6      | Killed an unseen horror
  5126 | D:6      | Reached skill level 7 in Shields
  5628 | D:6      | Found a shimmering blue altar of Sif Muna.
  5636 | D:6      | Found a basalt altar of Yredelemnul.
  5964 | D:6      | Became a worshipper of Yredelemnul the Dark
  6040 | D:7      | Found a runed translucent door.
  6044 | D:7      | Found a runed translucent gate.
  6045 | D:7      | Found a runed translucent gate.
  6048 | D:7      | Found the +9 staff of Olgreb {rPois∞}
  6065 | D:7      | Reached XP level 9. HP: 81/81 MP: 8/8
  6114 | D:7      | Found a runed translucent door.
  6115 | D:7      | Found a runed translucent gate.
  6257 | D:7      | Found a staircase to the Ecumenical Temple.
  6362 | D:7      | Reached skill level 8 in Shields
  6789 | D:8      | Noticed Harold
  6803 | D:8      | Killed Harold
  7294 | D:8      | Reached skill level 9 in Shields
  7339 | D:8      | Found a sacrificial altar of Ru.
  7851 | D:9      | Reached XP level 10. HP: 91/91 MP: 9/9
  8409 | D:9      | Reached skill level 1 in Invocations
  8681 | D:9      | Reached skill level 10 in Shields
  8734 | D:9      | Found a staircase to the Lair.
  8751 | D:9      | Reached skill level 10 in Armour
  8866 | D:9      | Noticed a two-headed ogre
  8871 | D:9      | Killed a two-headed ogre
  8872 | D:9      | Reached skill level 10 in Fighting
  8873 | D:9      | Identified the +1 robe of Foolhardiness {Rampage Int+3}
  9187 | D:9      | Reached * piety under Yredelemnul
  9215 | D:9      | Found a sacrificial altar of Ru.
  9348 | D:9      | Noticed a two-headed ogre
  9353 | D:9      | Killed a two-headed ogre
  9354 | D:9      | Reached skill level 10 in Maces & Flails
  9410 | D:10     | Entered Level 10 of the Dungeon
  9673 | D:10     | Reached XP level 11. HP: 79/101 MP: 13/13
 10624 | D:10     | Noticed Urug
 10654 | D:10     | Killed Urug
 10655 | D:10     | Reached skill level 5 in Invocations
 11388 | D:9      | Reached ** piety under Yredelemnul
 11428 | D:9      | Identified the ring of Oduex {rN++ Will- rCorr AC+4 Str+3}
 11966 | D:11     | Reached skill level 11 in Shields
 12159 | D:11     | Found a shadowy altar of Dithmenos.
 12195 | D:11     | Noticed a two-headed ogre
 12207 | D:11     | Killed a two-headed ogre
 12226 | D:11     | Found a staircase to the Orcish Mines.
 12506 | D:11     | Noticed a red ugly thing
 12523 | D:11     | Killed a red ugly thing
 12636 | D:11     | Noticed a red ugly thing
 12642 | D:11     | Killed a red ugly thing
 12748 | Lair:1   | Entered Level 1 of the Lair of Beasts
 12776 | Lair:1   | Noticed a five-headed hydra
 12788 | Lair:1   | Killed a five-headed hydra
 12881 | Lair:1   | Reached XP level 12. HP: 110/110 MP: 16/16
 13176 | Lair:1   | Noticed a seven-headed hydra
 13186 | Lair:1   | Killed a seven-headed hydra
 13586 | Lair:1   | Reached *** piety under Yredelemnul
 14056 | Lair:1   | Noticed a six-headed hydra
 14063 | Lair:1   | Killed a six-headed hydra
 14307 | Lair:1   | Reached skill level 12 in Shields
 14387 | Lair:1   | You fall into a shaft and drop 1 floor!
 14797 | Lair:2   | Received a gift from Yredelemnul (a mummy)
 14908 | Lair:2   | Identified the +5 spear of Corruption {drain, rElec Int+2
                  | Stlth-}
 14910 | Lair:2   | Noticed a catoblepas
 14917 | Lair:2   | Killed a catoblepas
 15900 | Lair:3   | Found a staircase to the Shoals.
 15978 | Lair:3   | Noticed a catoblepas
 15986 | Lair:3   | Killed a catoblepas
 16089 | Lair:3   | Reached **** piety under Yredelemnul
 16112 | Lair:3   | Reached XP level 13. HP: 109/118 MP: 17/19
 16191 | Lair:3   | Received a gift from Yredelemnul (a wight)
 16864 | Lair:3   | Identified a scroll of acquirement
 16865 | Lair:3   | Acquired a manual of Shields
 17315 | Lair:4   | Reached skill level 10 in Invocations
 18082 | Lair:4   | Found a hole to the Spider Nest.
 18147 | Lair:4   | Reached ***** piety under Yredelemnul
 18909 | Lair:5   | Reached skill level 13 in Shields
 19362 | Lair:5   | Received a gift from Yredelemnul (3 flying skulls)
 19806 | Lair:5   | Found a viscous altar of Jiyva.
 19806 | Lair:5   | Found a staircase to the Slime Pits.
 20031 | Lair:6   | Entered Level 6 of the Lair of Beasts
 20676 | Lair:6   | Reached skill level 14 in Shields
 20676 | Lair:6   | Reached XP level 14. HP: 114/129 MP: 21/21
 21105 | Lair:6   | Received a gift from Yredelemnul (a wight)
 21896 | Lair:6   | Identified the +4 scale mail "Uminifit" {Harm}
 22732 | Orc:1    | Entered Level 1 of the Orcish Mines
 23235 | Orc:1    | Received a gift from Yredelemnul (2 flying skulls)
 23453 | Orc:2    | Entered Level 2 of the Orcish Mines
 23522 | Orc:2    | Found a staircase to the Elven Halls.
 23577 | Orc:2    | Reached skill level 15 in Shields
 23581 | Orc:2    | Received a gift from Yredelemnul (a wight)
 24029 | Orc:2    | Paralysed by an ogre mage for 2 turns
 24211 | Orc:2    | Found Ashrumm's Antique Weapon Boutique.
 24239 | Orc:2    | Found Domoonn's Antique Weapon Shoppe.
 24247 | Orc:2    | Found Ytar's Distillery.
 24248 | Orc:2    | Found Ilaecibe's Assorted Antiques.
 24269 | Orc:2    | Bought a faintly glowing mace for 264 gold pieces
 24269 | Orc:2    | Identified the +7 mace of Autumn {vorpal, Str-3 Dex+9} (You
                  | bought it in a shop on level 2 of the Orcish Mines)
 24286 | Orc:2    | Found Ribboqare's Jewellery Shoppe.
 24680 | Orc:2    | Found Vinlu's Assorted Antiques.
 24878 | Orc:2    | Received a gift from Yredelemnul (a wight)
 25543 | D:12     | Found Cuhetzot's Armour Shoppe.
 26088 | Orc:2    | Bought the ring of Ywniyj {rPois Str+6 Dex+6 Stlth+} for
                  | 1276 gold pieces
 27065 | D:12     | Identified the +1 leather armour of the Red Skies {-Cast
                  | rElec rF+ Dex+4}
 27146 | D:12     | Received a gift from Yredelemnul (a vampire)
 27819 | D:13     | Found Voufa's Jewellery Shop.
 27834 | D:13     | Reached XP level 15. HP: 127/138 MP: 23/23
 27924 | D:13     | Bought an amulet of regeneration for 420 gold pieces
 28005 | D:13     | Found a gate to the Vaults.
 28195 | D:13     | Received a gift from Yredelemnul (a phantasmal warrior)
 28419 | D:13     | Found a runed translucent gate.
 28419 | D:13     | Found a runed translucent gate.
 28419 | D:13     | Found a runed translucent gate.
 28426 | D:13     | Noticed Wipuing's ghost (journeyman MiBe)
 28586 | D:13     | Acquired 901 gold pieces
 28855 | D:13     | Found Vihecsut's Elemental Accessories.
 29095 | D:14     | Noticed Snorg
 29106 | D:14     | Killed Snorg
 29107 | D:14     | Reached skill level 16 in Shields
 29266 | D:14     | Your ally Snorg died
 29390 | D:14     | Reached ****** piety under Yredelemnul
 30186 | D:14     | Acquired the amulet of the Lonely Lies {RegenMP rF+ rN+
                  | Regen+ Int+3}
 30302 | D:15     | Entered Level 15 of the Dungeon
 30325 | D:15     | Identified the +0 buckler of Tahu {*Slow Int+5 Stlth+}
 30480 | D:15     | Received a gift from Yredelemnul (a wraith)
 30736 | D:15     | Found a portal to a secret trove of treasure.
 30810 | D:15     | Found a staircase to the Depths.
 31399 | D:15     | Received a gift from Yredelemnul (a flayed ghost)
 32024 | Spider:1 | Entered Level 1 of the Spider Nest
 32047 | Spider:1 | Reached skill level 15 in Armour
 32079 | Spider:1 | Received a gift from Yredelemnul (a vampire)
 32173 | Spider:1 | Reached skill level 17 in Shields
 32326 | Spider:1 | Identified the +5 flail "Hemmouse" {distort, rN+ Str+3
                  | Stlth+}
 32438 | Spider:1 | Reached skill level 15 in Fighting
 32439 | Spider:1 | Reached XP level 16. HP: 92/149 MP: 25/25
 32767 | Spider:1 | Reached skill level 15 in Maces & Flails
 33022 | Spider:2 | Received a gift from Yredelemnul (a vampire knight)
 33189 | Spider:2 | Noticed Azrael
 33202 | Spider:2 | Killed Azrael
 33205 | Spider:2 | Received a gift from Yredelemnul (a skeletal warrior)
 34620 | Spider:3 | Found a runed translucent gate.
 34620 | Spider:3 | Found a runed translucent gate.
 34620 | Spider:3 | Found a runed translucent gate.
 34624 | Spider:3 | Noticed Huaklezo's ghost (adept HOFi)
 34677 | Spider:3 | Received a gift from Yredelemnul (a wraith)
 34895 | Spider:3 | Received a gift from Yredelemnul (a wraith)
 35409 | Spider:3 | Gained mutation: Your magical capacity is low. (-10% MP)
                  | [mutagenic glow]
 35418 | Spider:3 | Gained mutation: Armour fits poorly on your strangely
                  | shaped body. [mutagenic glow]
 35429 | Spider:3 | Gained mutation: You do not regenerate when monsters are
                  | visible. [mutagenic glow]
 35434 | Spider:3 | Killed Huaklezo's ghost
 35449 | Spider:3 | Gained mutation: You tend to lose your temper in combat.
                  | [mutagenic glow]
 35469 | Spider:3 | Gained mutation: You are clumsy. (Dex -2) [mutagenic glow]
 35485 | Spider:3 | Gained mutation: Your spells are a little easier to cast,
                  | but a little less powerful. [mutagenic glow]
 35808 | Spider:3 | Identified the +0 pair of gloves of the Blind Marksman
                  | {+Inv Str+3 Dex+2}
 35812 | Spider:3 | Identified the +1 ring mail of Old and Reckless {Harm
                  | Int+4}
 35816 | Spider:3 | Identified the +8 mace of Watchfulness {vorpal, Int+2
                  | Dex+5}
 35979 | Spider:4 | Entered Level 4 of the Spider Nest
 36075 | Spider:4 | Noticed Donald
 36094 | Spider:4 | Reached skill level 18 in Shields
 36099 | Spider:4 | Killed Donald
 36206 | Spider:4 | Reached skill level 1 in Dodging
 36254 | Spider:4 | Reached skill level 1 in Spellcasting
 36267 | Spider:4 | Received a gift from Yredelemnul (a vampire)
 36480 | Spider:4 | Received a gift from Yredelemnul (a ghoul)
 36641 | Spider:4 | Got a gossamer rune of Zot
 36983 | Spider:4 | Received a gift from Yredelemnul (a vampire)
 37431 | Lair:4   | Upgraded the game from 0.27-a0-1191-g601b473118 to
                  | 0.27-a0-1193-g8631133539
 37493 | Shoals:1 | Entered Level 1 of the Shoals
 37604 | Shoals:1 | Noticed a kraken
 37726 | Shoals:1 | Reached XP level 17. HP: 144/158 MP: 24/24
 37996 | Shoals:1 | Received a gift from Yredelemnul (a skeletal warrior)
 38649 | Shoals:2 | Received a gift from Yredelemnul (a profane servitor)
 39196 | Shoals:3 | Received a gift from Yredelemnul (a vampire)
 39197 | Shoals:3 | Reached skill level 15 in Invocations
 39508 | Shoals:3 | Received a gift from Yredelemnul (a vampire)
 39674 | Shoals:3 | Received a gift from Yredelemnul (a ghoul)
 40082 | Shoals:4 | Entered Level 4 of the Shoals
 40098 | Shoals:4 | Identified the +9 scale mail of the Wumpus {rPois rF- Str+5
                  | Int-2}
 40119 | Shoals:4 | Found Ratsehuti's Weapon Boutique.
 40156 | Shoals:4 | Received a gift from Yredelemnul (a vampire)
 40285 | Shoals:4 | Found Decuskig's Book Emporium.
 40804 | Shoals:4 | Received a gift from Yredelemnul (a flayed ghost)
 40817 | Shoals:4 | Reached skill level 5 in Dodging
 40820 | Shoals:4 | Received a gift from Yredelemnul (a profane servitor)
 40836 | Shoals:4 | Reached skill level 19 in Shields
 41369 | Shoals:4 | Found Voigeirph's Book Boutique.
 41546 | Shoals:4 | Got a barnacled rune of Zot
 42211 | Vaults:1 | Entered Level 1 of the Vaults
 42414 | Vaults:1 | Received a gift from Yredelemnul (a flayed ghost)
 42615 | Vaults:1 | Found Cawekkoca's Antique Armour Shop.
 42647 | Vaults:1 | Bought a faintly humming ring mail for 162 gold pieces
 42647 | Vaults:1 | Identified the +0 ring mail of Glamorous Intercession {Fly
                  | Dex+5} (You bought it in a shop on level 1 of the Vaults)
 44154 | Vaults:1 | Received a gift from Yredelemnul (a skeletal warrior)
 44682 | Vaults:1 | Received a gift from Yredelemnul (a skeletal warrior)
 44914 | Vaults:1 | Reached XP level 18. HP: 168/168 MP: 25/25
 45266 | Vaults:1 | Noticed Aizul
 45274 | Vaults:1 | Killed Aizul
 45275 | Vaults:1 | Received a gift from Yredelemnul (a profane servitor)
 46016 | Vaults:2 | Found a staircase to the Crypt.
 46208 | Vaults:2 | Received a gift from Yredelemnul (a skeletal warrior)
 47362 | Vaults:2 | Reached skill level 5 in Spellcasting
 48426 | Vaults:3 | Found Addunn's Distillery.
 48478 | Vaults:3 | Identified the +6 arbalest "Dinen" {elec, +Blink rC+ Str+2}
 49407 | Vaults:4 | Found a transporter.
 49408 | Vaults:4 | Noticed a tentacled monstrosity
 49460 | Vaults:4 | Found a transporter.
 49832 | Vaults:4 | Received a gift from Yredelemnul (a skeletal warrior)
 49998 | Vaults:4 | Reached XP level 19. HP: 177/177 MP: 26/26
 50019 | Vaults:4 | Received a gift from Yredelemnul (a phantasmal warrior)
 50208 | Vaults:4 | Identified the +10 plate armour of Bukhlobad {rC+ rN+}
 50810 | Orc:2    | Bought a scroll of acquirement for 1612 gold pieces
 50812 | Orc:2    | Acquired the ring of the Voivode {rPois rC+ rN+ Str+2 SInv}
 50843 | Elf:1    | Entered Level 1 of the Elven Halls
 50853 | Elf:1    | Received a gift from Yredelemnul (a ghoul)
 51140 | Elf:1    | Received a gift from Yredelemnul (a vampire knight)
 51345 | Elf:1    | Identified the Grimoire of Creative Arcane Weapons
 51756 | Elf:1    | Found a bloodstained altar of Trog.
 51768 | Elf:1    | Received a gift from Yredelemnul (a skeletal warrior)
 52242 | Elf:2    | Found a runed translucent gate.
 52242 | Elf:2    | Found a runed translucent gate.
 52254 | Elf:2    | Received a gift from Yredelemnul (a vampire)
 52270 | Elf:2    | Found a runed translucent gate.
 52320 | Elf:2    | Identified the +0 chain mail "Ekkuro" {Str+8 Int-2}
 52473 | Elf:2    | Received a gift from Yredelemnul (a skeletal warrior)
 52817 | Elf:2    | Received a gift from Yredelemnul (a vampire knight)
 52931 | Elf:2    | Found a shimmering blue altar of Sif Muna.
 53464 | Elf:3    | Entered Level 3 of the Elven Halls
 53637 | Elf:3    | Received a gift from Yredelemnul (a vampire knight)
 55165 | Elf:3    | Noticed a Tzitzimitl
 55184 | Elf:3    | Received a gift from Yredelemnul (a vampire knight)
 55194 | Elf:3    | Received a gift from Yredelemnul (a ghoul)
 55671 | Elf:3    | Identified the +5 glaive of Discretion {holy, rElec Int+3}
 55673 | Elf:3    | Identified the Tome of the Dove
 55674 | Elf:3    | Found the +3 salamander hide armour {Flames rF++ rC--}
 55709 | Elf:3    | Identified the +1 spear "Goblinslayer" {venom, Will+
                  | Stlth+}
 55717 | Elf:3    | Identified the +6 trident "Tagirr" {speed, rC+}
 55724 | Elf:3    | Identified the +1 scale mail "Ituijetio" {+Inv rF+ Int+2
                  | Dex+7}
 55727 | Elf:3    | Identified the +1 leather armour "Icuis Cotir" {rF++ rC-}
 55882 | Elf:3    | Identified the +7 flail "Disajootz" {antimagic, Int+4 Dex+2
                  | SInv Stlth-}
 55906 | Elf:3    | Identified Sif Muna's Almanac of Bewitching Heat
 55914 | Elf:3    | Identified the +1 scale mail of the Watchman {Str+2}
 55922 | Elf:3    | Identified the +4 battleaxe of the Spider Nest {vorpal,
                  | rN++ Stlth-}
 55958 | Elf:3    | Identified the +4 long sword "Jarashef" {flame, rF+++ rCorr
                  | Str+2 Dex-5}
 56584 | Depths:1 | Entered Level 1 of the Depths
 56586 | Depths:1 | Found a one-way gate to the infinite horrors of the Abyss.
 56598 | Depths:1 | Received a gift from Yredelemnul (a skeletal warrior)
 56624 | Depths:1 | Reached XP level 20. HP: 125/187 MP: 27/27
 56691 | Depths:1 | Reached skill level 1 in Crossbows
 56856 | Depths:1 | Found Udopheig's General Store.
 56859 | Depths:1 | Identified the +0 ring mail "Dothra Kees" {rN+ Str+2
                  | Slay+2}
 56975 | Depths:1 | Upgraded the game from 0.27-a0-1193-g8631133539 to
                  | 0.27-a0-1196-g3e9cee4cb2
 57122 | Depths:1 | Found an opulent altar of Gozag.
 57525 | Depths:1 | Found a gateway to Hell.
 57727 | Depths:1 | Received a gift from Yredelemnul (a skeletal warrior)
 57928 | Depths:2 | Reached skill level 10 in Dodging
 58351 | Depths:2 | Found Ziny's Antique Armour Shoppe.
 58354 | Depths:2 | Found Otaedeso's Armour Emporium.
 58354 | Depths:2 | Found Qabb's Jewellery Shoppe.
 58359 | Depths:2 | Found Guethek's Assorted Antiques.
 58377 | Depths:2 | Bought an encrusted cloak for 446 gold pieces
 58377 | Depths:2 | Identified the +1 cloak of Ydo Nasauf {rCorr} (You bought
                  | it in a shop on level 2 of the Depths)
 58629 | Depths:2 | Identified the +2 great sword "Iquvish" {holy, *Noise rPois
                  | Will+}
 58771 | Depths:2 | Received a gift from Yredelemnul (a skeletal warrior)
 58785 | Depths:2 | HP: 6/189 [sphinx (5)]
 58786 | Depths:2 | Slain by a tentacled monstrosity

Illustrated notes

Levels and vault maps discovered:
D:1:      wander_arrival_desolate, layout_rooms, minmay_misc_feat_secret_circle
D:2:      layout_loops_corners, serial_bayou_lagoon_a
D:3:      layout_basic, hellmonk_ecumenical_altar_crossroads
D:4:      layout_basic, fiery_altar_vehumet, serial_shops, shop,
          kennysheep_mini, shop
D:5:      layout_basic, portal_sewer_entry_f, kennysheep_another_room,
          uniq_pikel
D:6:      layout_rooms, minitemple, minivault_10, minmay_gold_behind_fungi
D:7:      layout_basic, minmay_temple_entry_statues_pillars,
          minmay_guarded_unrand_staff_of_olgreb
D:8:      layout_loops_cross, nicolae_ru_awakened_eye, supply_closet_lemuel,
          uniq_harold
D:9:      kennysheep_town
D:10:     layout_irregular_city, uniq_urug
D:11:     layout_basic, david_orc_2, wad_floor_pattern_2,
          nicolae_dithmenos_through_a_glass_darkly
D:12:     layout_basic, serial_shops, shop
D:13:     layout_basic, skrybe_vaults_entry_preservation, serial_shops, shop,
          maelrawn_ghost_gauntlet_escape, nicolae_elemental_shop,
          chequers_serial_rivers_small_a
D:14:     layout_basic, hangedman_decor_points, uniq_snorg
D:15:     gammafunk_depths_entry_grave, layout_stronghold,
          nicolae_trove_entry_diagonal, minivault_4
Lair:1:   lemuel_reptile_caves, layout_regular_city, beast_lair_carwin_1,
          lemuel_fruit_fields
Lair:2:   layout_misc_corridors, chequers_serial_rivers_marsh, minivault_26,
          infiniplex_staircase_pool
Lair:3:   layout_cave_pods, elwin_shoals_entry_stream, lemuel_fruit_fields
Lair:4:   layout_cave_shapes, nicolae_spider_entry_orb_guardian,
          grunt_forest_large_clearings
Lair:5:   layout_regular_city, dpeg_slime_entry_enclosed_altar,
          lightli_volcano_entry_magma_tube, grunt_megastairs_5,
          lemuel_fruit_fields
Lair:6:   minmay_lair_end_enchanted_forest, layout_loops_ring,
          minmay_lair_oklob_chamber
Shoals:1: layout_shoals
Shoals:2: layout_shoals, nicolae_shoals_square_sea_wall
Shoals:3: layout_shoals, nicolae_shoals_wave_tunnel
Shoals:4: shoals_end_hangedman, layout_shoals, serial_shops, shop, shop,
          nicolae_shop_behind_doors, shop_fountains
Spider:1: layout_spider_delve, nicolae_spider_undead_wolf_pack
Spider:2: layout_chambers, drop_trap, hangedman_spider_tarantella_strand,
          uniq_azrael
Spider:3: layout_spider_delve, gammafunk_ghost_tricky_traps, nicolae_orb_stairs
Spider:4: guppyfry_spider_rune, uniq_donald
Orc:1:    layout_caves
Orc:2:    st_orc_open, layout_caves, serial_shops, nicolae_shop_stone, shop,
          mines3_lemuel
Elf:1:    elf_arrival_002, layout_rooms, minmay_elf_sorcery,
          evilmike_spriggan_trog_shrine
Elf:2:    layout_loops_corners, lemuel_statue_altar
Elf:3:    minmay_elf_hall_hex, layout_geoelf_castle, kilobyte_rumbling_trees,
          lemuel_upstairs_altar
Vaults:1: vaults_dpeg_doors, vaults_room_large_hall, ontoclasm_vaults_pinch,
          v_misc_2, vaults_room_grunt_arrival_ludios,
          nicolae_vaults_branching_niches, layout_vaults_omnigrid, serial_shops,
          shop, uniq_aizul
Vaults:2: nicolae_vaults_display_case, v_misc_26, hangedman_vaults_nails,
          hangedman_vaults_stretched_pinwheel, hangedman_vaults_variations,
          vaults_room_hallway, minmay_crypt_entry_simple_round,
          nicolae_vaults_three_branches, layout_vaults_maze_snakey
Vaults:3: v_misc_4, ontoclasm_vaults_twist, hangedman_vaults_slither, v_misc_23,
          vaults_dpeg_diagonal, grunt_vaults_focal, vaults_room_stairs_pillars,
          vaults_room_pools, nicolae_vaults_yaktaur_gun_rack,
          layout_vaults_omnicross, serial_shops, nicolae_shop_stone
Vaults:4: grunt_vaults_swirl, gammafunk_the_bubble [the_bubble_gammafunk_split],
          vaults_room_semicircle, v_misc_10, grunt_vaults_twisty,
          ontoclasm_vaults_chip, nicolae_vaults_theta, hangedman_vaults_impose,
          v_rooms_4, nicolae_vaults_theta, ontoclasm_vaults_hangar,
          ontoclasm_vaults_eye, vaults_room_semicircle, layout_vaults_omnibox
Depths:1: layout_cave_pools, grunt_metal_band, abyss_entry, serial_shops, shop,
          minmay_misc_feat_pillars, grunt_gozag_statues
Depths:2: lemuel_castle_with_subvaults [lemuel_castle_interior_carwin_1],
          layout_gridlike, hell_entry, minmay_shoptagon, grunt_megastairs_3

Skill      XL: |  1  2  3  4  5  6  7  8  9 10 11 12 13 14 15 16 17 18 19 20 |
---------------+-------------------------------------------------------------+-----
Shields        | 4 5 6 7 9 10 11 12 14 15 17 18 19 | 19.0
Fighting       | 4 5 6 7 9 10 11 12 13 14 15 16 17 18 | 18.3
Maces & Flails | 3 4 5 7 8 10 11 12 13 14 15 16 17 | 17.7
Armour         | 4 5 6 7 9 10 11 12 13 14 15 16 17 18 | 18.4
Invocations    | 4 7 9 11 12 14 15 16 | 16.7
Dodging        | 3 6 8 9 10 | 10.3
Spellcasting   | 1 4 6 7 8 |  8.7
Crossbows      | 3 |  3.8

Action                   |  1- 3 |  4- 6 |  7- 9 | 10-12 | 13-15 | 16-18 | 19-21 || total
-------------------------+-------+-------+-------+-------+-------+-------+-------++-------
Melee: Flail             |    42 |       |       |       |       |       |       ||    42
       Headbutt          |     7 |    28 |    30 |   189 |   452 |   405 |   188 ||  1299
       Whip              |    44 |   135 |   175 |   724 |   699 |       |       ||  1777
       Mace              |       |       |       |       |   592 |  1039 |   511 ||  2142
 Fire: Hand crossbow     |       |       |       |       |       |       |    63 ||    63
Throw: Dart              |       |       |       |    13 |       |       |       ||    13
Invok: Animate Remains   |       |       |       |    28 |       |       |       ||    28
       Animate Dead      |       |       |       |    19 |   105 |   130 |    42 ||   296
       Recall Undead Sla |       |       |       |       |     1 |     7 |     4 ||    12
       Drain Life        |       |       |       |       |       |     2 |     2 ||     4
Evoke: Wand              |       |       |       |       |     1 |     2 |       ||     3
  Use: Scroll            |       |     3 |     4 |     4 |    16 |    14 |     5 ||    46
       Potion            |       |       |       |       |       |    11 |     4 ||    15
 Stab: Distracted        |       |       |       |     4 |    16 |    27 |    14 ||    61
       Confused          |       |       |       |       |     3 |       |       ||     3
       Paralysed         |       |       |       |       |       |     3 |     2 ||     5
Armor: Chain mail        |    48 |    52 |    67 |    25 |       |       |       ||   192
       Plate armour      |       |       |       |   221 |   578 |   446 |   160 ||  1405
Dodge: Dodged            |    27 |    24 |    36 |    95 |   296 |   333 |   158 ||   969
Block: Kite shield       |    54 |    45 |    47 |       |       |   208 |   355 ||   709
       Buckler           |       |       |    20 |   213 |   692 |   507 |       ||  1432
       Reflection        |       |       |       |       |       |     9 |    18 ||    27

Table legend: (Time is in decaauts)
 A = Elapsed time spent in this place.
 B = Non-inter-level travel time spent in this place.
 C = Inter-level travel time spent in this place.
 D = Time resting spent in this place.
 E = Time spent auto-exploring this place.
 F = Levels seen in this place.
 G = Mean time per level.
                   A        B        C        D        E       F      G
               +--------+--------+--------+--------+--------+-----+--------+
         Total |  58133 |  49188 |   8945 |  16782 |  20809 |  41 | 1417.9 |
       Dungeon |  19840 |  18433 |   1407 |   4891 |  10521 |  15 | 1322.7 |
          Lair |   9758 |   9175 |    583 |   1540 |   6215 |   6 | 1626.3 |
        Shoals |   4456 |   3236 |   1220 |   1448 |    476 |   4 | 1114.0 |
   Spider Nest |   5271 |   4718 |    553 |   1246 |   2213 |   4 | 1317.8 |
  Orcish Mines |   2737 |   2112 |    625 |    905 |    692 |   2 | 1368.5 |
   Elven Halls |   5537 |   4316 |   1221 |   2540 |    568 |   3 | 1845.7 |
        Vaults |   8273 |   5750 |   2523 |   3634 |      0 |   4 | 2068.2 |
        Depths |   2127 |   1317 |    810 |    576 |     56 |   2 | 1063.5 |
         Sewer |    129 |    129 |      0 |      0 |     66 |   1 |  129.0 |
               +--------+--------+--------+--------+--------+-----+--------+

Top non-repeatable levels by time:
Vaults:1: 3722 daAuts
     D:9: 2938 daAuts
   Elf:3: 2913 daAuts
  Lair:6: 2448 daAuts
    D:10: 1971 daAuts
  Lair:1: 1923 daAuts
   Orc:2: 1845 daAuts
  Lair:3: 1801 daAuts
    D:13: 1787 daAuts
    D:12: 1755 daAuts
Vaults:3: 1716 daAuts
Vaults:2: 1647 daAuts
Spider:3: 1546 daAuts
Spider:2: 1475 daAuts
Shoals:4: 1436 daAuts
